 Dungeon Crawl Stone Soup version 0.32-a0-391-gce5c0aab1b (webtiles) character file.

Game seed: 2042469868893018111

3333 Flugkiller the Cleaver (level 9, -3/85 HPs)
             Began as a Mountain Dwarf Chaos Knight on Feb 20, 2024.
             Was a Plaything of Xom.
             Succumbed to a gnoll sergeant's poison
             ... on level 7 of the Dungeon.
             The game lasted 00:06:55 (6016 turns).

Flugkiller the Cleaver (MDCK)                       Turns: 6016, Time: 00:06:56

Health: -3/85      AC: 20    Str: 19    XL:     9   Next: 71%
Magic:  9/9        EV:  9    Int: 11    God:    Xom [..*...]
Gold:   383        SH:  0    Dex:  9    Spells: 8/8 levels left

rFire   + . .        u - +4 flail of Okawaru's Pride {protect, rF+}
rCold   . . .        (no shield)
rNeg    . . .        A - +5 scale mail "Usses" {Regen+}
rPois   .            (no helmet)
rElec   .            j - +0 cloak
rCorr   .            n - +0 pair of gloves
SInv    .            y - +0 pair of boots
Will    .....        (no amulet) Stlth
                     (no ring)
HPRegen 1.14/turn    (no ring)
MPRegen 0.11/turn

%: no passive effects
@: lethally poisoned (-3 -> -31), under a protective aura, invisible
A: runic magic, artefact enchanting, deformed body, dopey 1
a: Renounce Religion


You were on level 7 of the Dungeon.
You worshipped Xom.
You were a toy of Xom.
You visited 1 branch of the dungeon, and saw 7 of its levels.
You also visited: Sewer.

You collected 383 gold pieces.

Inventory:

Hand Weapons
 a - a +0 hand axe of chaos
 k - the +0 hand axe "Miogeiluv" {vamp, Str-4 Int+3 Dex+2}
   (You found it on level 3 of the Dungeon)

   Str-4:     It affects your strength (-4).
   Int+3:     It affects your intelligence (+3).
   Dex+2:     It affects your dexterity (+2).
 u - the +4 flail of Okawaru's Pride (weapon) {protect, rF+}
   (You found it on level 5 of the Dungeon)

   rF+:       It protects you from fire.
Armour
 b - a +2 leather armour
 j - a +0 cloak (worn)
   (You found it on level 2 of the Dungeon)
 n - a +0 pair of gloves (worn)
   (You found it on level 3 of the Dungeon)
 r - a scarf of invisibility
   (You found it on level 4 of the Dungeon)
 y - a +0 pair of boots (worn)
   (You found it in a sewer)
 A - the +5 scale mail "Usses" (worn) {Regen+}
   (You found it in a sewer)

   Regen+:    It increases your rate of health regeneration.
Wands
 q - a wand of flame (19)
   (You found it on level 4 of the Dungeon)
 s - a wand of quicksilver (2)
   (You found it on level 5 of the Dungeon)
Scrolls
 c - a scroll of butterflies
 d - a scroll of immolation
 e - a scroll of amnesia {unknown}
 f - a scroll of fog
 g - a scroll of blinking {unknown}
 p - 2 scrolls of torment
 x - a scroll of poison
Potions
 h - 3 potions of haste
 i - a potion of magic
 l - a potion of cancellation {unknown}
 m - a potion of might {unknown}
 o - a potion of ambrosia {unknown}
 t - 2 potions of degeneration {unknown}
 v - a potion of berserk rage {unknown}
 w - 3 potions of mutation
 z - 5 potions of invisibility


   Skills:
 * Level 10.2 Fighting
 * Level 11.1 Axes
 + Level 7.1 Armour
 - Level 0.6 Dodging


You had 8 spell levels left.
You didn't know any spells.
Your spell library contained the following spells:

 Spells                   Type           Power      Damage    Failure   Level
 Blink                    Tloc           0%         N/A       56%         2
 Lesser Beckoning         Tloc           0%         N/A       56%         2
 Momentum Strike          Conj/Tloc      0%         3d8       56%         2


Dungeon Overview and Level Annotations

Branches:
Dungeon (7/15) Zot: 26879  Temple (0/1) D:7           Sewer (visited)

Altars:

Shops:
D:7 ?

Annotations:
D:2 Sigmund


Innate Abilities, Weirdness & Mutations

Your spellcasting is much less encumbered by armour.
You can use scrolls of enchantment on lesser artefacts.
Armour fits poorly on your strangely shaped body.
You are dopey. (Int -2)


Message History

No target in view!
No target in view!
No target in view!
No target in view!
No target in view!
You miss something. Something hits you but does no damage.
You miss something. Something hits you.
You sock something!
Something hits you but does no damage. x2
You thump something!
Reactivating autopickup.
You feel a bit more experienced.
Things that are here:
a +0 dagger; a +0 robe; an orc corpse 4 gnolls come into view.
The gnoll shouts! x2
A gnoll comes into view. It is wielding a +0 spear.
A gnoll sergeant comes into view. It is wielding a +2 spear of venom.
The gnoll moves out of view. x3
Found 6 stones.
The gnoll sergeant shouts!
The gnoll shouts!
Unknown command.
Things that are here:
a +0 club; a +0 leather armour; an orc corpse
Found a falchion.
Xom makes a sudden noise!
You hear a loud, deep croak!
You are now a toy of Xom.
You sock the gnoll!
Your weapon exudes an aura of protection.
The gnoll is almost dead.
The gnoll barely misses you. The gnoll hits you but does no damage.
The gnoll hits you but does no damage. The gnoll closely misses you.
You sock the gnoll!
You kill the gnoll!
The gnoll hits you but does no damage. The gnoll hits you with a +0 spear.
You emit a cloud of colourful smoke!
The gnoll hits you but does no damage.
You hit the gnoll.
The gnoll is lightly wounded.
The gnoll hits you with a +0 halberd.
The gnoll hits you but does no damage. x2
The gnoll closely misses you.
You closely miss the gnoll.
The gnoll is lightly wounded.
The gnoll hits you but does no damage. The gnoll hits you with a +0 spear.
The gnoll closely misses you. The gnoll hits you but does no damage.
You hit the gnoll.
The gnoll is lightly wounded.
The gnoll hits you with a +0 halberd. The gnoll hits you but does no damage.
The gnoll hits you with a +0 flail. The gnoll hits you but does no damage.
The gnoll sergeant hits you but does no damage.
You are poisoned.
You hit the gnoll.
The gnoll is heavily wounded.
You feel very sick. The gnoll hits you with a +0 halberd.
The gnoll barely misses you. The gnoll hits you but does no damage.
The gnoll barely misses you. The gnoll sergeant barely misses you.
The gnoll hits you but does no damage.
You sock the gnoll!
You kill the gnoll!
You feel sick. The gnoll closely misses you.
The gnoll hits you but does no damage. The gnoll closely misses you.
The gnoll sergeant hits you but does no damage.
You are more poisoned.
You sock the gnoll!
You kill the gnoll!
You feel very sick. The gnoll barely misses you. x2
The gnoll sergeant hits you from afar with a +2 spear of venom!
You are more poisoned.
You hit the gnoll.
The gnoll is moderately wounded.
You feel extremely sick.
The gnoll hits you from afar with a +0 halberd!
The gnoll barely misses you.
The gnoll sergeant hits you from afar with a +2 spear of venom!
You are lethally poisoned!
You are too injured to fight recklessly!
* * * LOW HITPOINT WARNING * * *
You feel extremely sick. The gnoll attacks as it pursues you!
The gnoll hits you from afar with a +0 halberd.
* * * LOW HITPOINT WARNING * * *
The gnoll attacks as it pursues you! The gnoll completely misses you.
It was a potion of invisibility.
You fade into invisibility!
Xom thinks this is hilarious!
* * * LOW HITPOINT WARNING * * *
You feel extremely sick.
The gnoll hits you from afar with a +0 halberd.
* * * LOW HITPOINT WARNING * * *
The gnoll barely misses you.
The gnoll sergeant hits you but does no damage.
You are more poisoned.
It was a potion of mutation.
You feel extremely strange.
You feel genetically unstable.
You no longer become unable to drink potions after taking damage.
You no longer become unable to read scrolls after taking damage.
You feel stupid.
Xom thinks this is hilarious!
You die...
Xom laughs nastily!

....##...≈≈≈≈≈≈≈.≈
...#.....≈≈≈≈≈≈.≈≈≈≈≈≈... .
..........≈≈≈≈.≈≈≈≈............
.. #..........≈≈.≈≈...(..........
...#.......)..........).........
#....[..........##....#...g.gg
#...........#####...# #......##
#...#.<..∩.....§)g..# ...g..:#
....#.))........@gg..# #..g.##
....##........######.# ####g...##
....#.........# #..###........#
.#............# ##...g)g......#
##..........## ##....)..##.###
..............#.###...##)......#
#..#.....)............###.......#
...##...........##.....##.......#
................##....##.........


You could see a gnoll sergeant (unable to see you) and 2 gnolls.

Vanquished Creatures
  2 two-headed ogres (D:6)
  A steam dragon (D:5)
  Edmund (D:6)
  A swamp drake (Sewer)
  A sky beast (D:6)
  An ice beast (D:6)
  An ogre (D:5)
  A wolf (shapeshifter) (D:6)
  A phantom (D:6)
  A bullfrog (D:7)
  3 scorpions
  3 bombardier beetles
  A howler monkey (D:5)
  2 hounds (D:4)
  A jelly (D:6)
  A sleepcap (D:4)
  2 orc priests (D:6)
  A gnoll bouda (D:6)
  Natasha (D:2)
  4 iguanas
  6 orc wizards
  6 adders
  11 gnolls
  9 river rats
  A white imp (D:6)
  4 dart slugs
  4 ribbon worms
  26 orcs
  6 ball pythons
  5 bats
  12 endoplasms
  A giant cockroach (D:5)
  6 goblins
  11 hobgoblins
  3 jackals
  13 quokkas
  3 frilled lizards (D:1)
  21 kobolds
  28 rats
206 creatures vanquished.

Vanquished Creatures (collateral kills)
  4 orcs
4 creatures vanquished.

Vanquished Creatures (others)
  An adder (D:5)
1 creature vanquished.

Grand Total: 211 creatures vanquished

Notes
Turn   | Place    | Note
-------+----------+-------------------------------------------
     0 | D:1      | Flugkiller the Mountain Dwarf Chaos Knight began the quest
                  | for the Orb.
     0 | D:1      | Reached XP level 1. HP: 19/19 MP: 1/1
    85 | D:1      | XOM: potion effect (brilliance)
   103 | D:1      | Reached XP level 2. HP: 21/26 MP: 2/2
   109 | D:1      | Reached skill level 4 in Axes
   121 | D:1      | XOM: silly message
   122 | D:1      | XOM: polymorph goblin -> jackal
   122 | D:1      | XOM: smoke on damage
   141 | D:1      | Reached XP level 3. HP: 15/33 MP: 3/3
   250 | D:1      | XOM: 2-stop teleportation journey
   597 | D:2      | Reached XP level 4. HP: 40/40 MP: 4/4
   698 | D:2      | Noticed Sigmund
   776 | D:2      | XOM: potion effect (invisibility)
   922 | D:2      | XOM: 3-stop teleportation journey
  1218 | D:2      | Reached skill level 5 in Axes
  1365 | D:2      | XOM: silly message
  1594 | D:2      | Noticed Natasha
  1600 | D:2      | Killed Natasha
  1601 | D:2      | Reached XP level 5. HP: 37/47 MP: 5/5
  1749 | D:3      | Identified the +0 hand axe "Miogeiluv" {vamp, Str-4 Int+3
                  | Dex+2}
  1759 | D:3      | XOM: smoke on damage
  1955 | D:3      | Reached skill level 5 in Fighting
  2176 | D:3      | XOM: divination: magic mapping
  2258 | D:3      | XOM: give mutations
  2258 | D:3      | Gained mutation: You are somewhat resistant to further
                  | mutation. [Xom's grace]
  2258 | D:3      | Gained mutation: You are strong-willed. (Will+) [Xom's
                  | grace]
  2457 | D:4      | XOM: summons 2 friendly demons
  2466 | D:4      | Reached skill level 6 in Axes
  2466 | D:4      | Reached XP level 6. HP: 38/56 MP: 6/6
  2606 | D:4      | XOM: divination: detect creatures
  3083 | D:4      | Noticed Eustachio
  3095 | D:4      | Eustachio changed into Eustachio the quokka
  3095 | D:4      | Noticed Eustachio
  3100 | D:4      | Killed Eustachio the quokka
  3101 | D:4      | Reached XP level 7. HP: 63/63 MP: 7/7
  3126 | D:5      | Entered Level 5 of the Dungeon
  3344 | D:5      | XOM: noise
  3526 | D:4      | XOM: noise
  3537 | D:5      | Reached skill level 7 in Axes
  3667 | D:5      | XOM: destruction
  3684 | D:5      | XOM: give mutations
  3684 | D:5      | Gained mutation: You are frail. (-10% HP) [Xom's mischief]
  3684 | D:5      | Gained mutation: You occasionally lose the ability to drink
                  | potions when taking damage. [Xom's mischief]
  3684 | D:5      | Gained mutation: Armour fits poorly on your strangely
                  | shaped body. [Xom's mischief]
  3702 | D:5      | Identified the +4 flail of Okawaru's Pride {protect, rF+}
  3796 | D:5      | XOM: fake destruction
  3862 | D:5      | Found a glowing drain.
  3866 | Sewer    | Entered a sewer
  3950 | Sewer    | XOM: give mutations
  3950 | Sewer    | Lost mutation: You are strong-willed. (Will+) [Xom's
                  | mischief]
  3950 | Sewer    | Lost mutation: You are frail. (-10% HP) [Xom's mischief]
  3950 | Sewer    | Gained mutation: You occasionally lose the ability to read
                  | scrolls when taking damage. [Xom's mischief]
  3957 | Sewer    | XOM: fog
  3968 | Sewer    | XOM: silly message
  3996 | Sewer    | XOM: 11-stop teleportation journey
  4089 | Sewer    | XOM: summons 2 hostile demons
  4238 | Sewer    | XOM: swap monsters
  4248 | Sewer    | XOM: polymorph kobold -> swamp drake
  4260 | Sewer    | Reached skill level 8 in Axes
  4260 | Sewer    | Reached skill level 5 in Armour
  4260 | Sewer    | Reached XP level 8. HP: 40/73 MP: 8/8
  4274 | Sewer    | Identified the +5 scale mail "Usses" {Regen+}
  4623 | D:5      | XOM: summons 2 hostile shadow creatures
  4960 | D:6      | Noticed a two-headed ogre
  4978 | D:6      | Killed a two-headed ogre
  4979 | D:6      | Reached skill level 9 in Axes
  5086 | D:6      | XOM: divination: detect items
  5093 | D:6      | XOM: enchant monster (good)
  5100 | D:6      | Reached XP level 9. HP: 43/82 MP: 9/9
  5189 | D:6      | XOM: god gift: orange potion {god gift}
  5226 | D:6      | Noticed Edmund
  5313 | D:6      | Noticed a two-headed ogre
  5319 | D:6      | Killed a two-headed ogre
  5320 | D:6      | Reached skill level 10 in Axes
  5413 | D:6      | XOM: polymorph scorpion -> shapeshifter
  5436 | D:6      | XOM: 1-stop teleportation journey
  5639 | D:6      | XOM: god gift: scimitar {god gift}
  5689 | D:6      | Killed Edmund
  5690 | D:6      | Reached skill level 10 in Fighting
  5899 | D:7      | Found Ipsados's Magic Scroll Emporium.
  5914 | D:6      | XOM: summons friendly iron imp
  5925 | D:7      | XOM: cast spell 'Chain of Chaos'
  5928 | D:7      | Reached skill level 11 in Axes
  5928 | D:7      | Found a staircase to the Ecumenical Temple.
  6000 | D:7      | XOM: noise
  6006 | D:7      | XOM: smoke on damage
  6016 | D:7      | Lost mutation: You are somewhat resistant to further
                  | mutation. [potion of mutation]
  6016 | D:7      | Lost mutation: You occasionally lose the ability to drink
                  | potions when taking damage. [potion of mutation]
  6016 | D:7      | Lost mutation: You occasionally lose the ability to read
                  | scrolls when taking damage. [potion of mutation]
  6016 | D:7      | Gained mutation: You are dopey. (Int -2) [potion of
                  | mutation]
  6016 | D:7      | Succumbed to a gnoll sergeant's poison

Illustrated notes

Levels and vault maps discovered:
D:1:      nagdon_arrival_double_spiral, layout_rooms
D:2:      layout_basic, hangedman_decor_points, minmay_split_cup_small,
          uniq_sigmund, uniq_natasha
D:3:      layout_loops_ring
D:4:      layout_loops_ring, uniq_eustachio
D:5:      layout_loops_ring, gup_sewer_entry_spiral
D:6:      layout_rooms, minmay_misc_feat_tower, uniq_edmund
D:7:      layout_cave_pools, temple_pool_b, serial_shops, shop,
          minmay_misc_feat_doors, uniq_maurice

Skill      XL: |  1  2  3  4  5  6  7  8  9 |
---------------+----------------------------+-----
Axes           | 4 5 6 8 9 11 | 11.1
Fighting       | 4 5 6 7 8 10 | 10.2
Armour         | 3 4 5 6 7 |  7.1
Dodging        | |  0.6

Action                     |  1- 3 |  4- 6 |  7- 9 || total
---------------------------+-------+-------+-------++-------
  Melee: Hand axe          |    90 |   227 |    61 ||   378
         Flail             |       |       |   347 ||   347
  Evoke: Wand              |       |       |     9 ||     9
    Use: Scroll            |       |     6 |       ||     6
         Potion            |       |       |     5 ||     5
   Stab: Petrified         |       |     6 |       ||     6
         Paralysed         |       |     1 |     2 ||     3
         Confused          |       |     1 |       ||     1
 Armour: Leather armour    |    66 |       |       ||    66
         Plate armour      |     7 |   214 |   288 ||   509
         Scale mail        |       |       |   250 ||   250
  Dodge: Dodged            |    40 |    52 |   190 ||   282

Table legend: (Time is in decaauts)
 A = Elapsed time spent in this place.
 B = Non-inter-level travel time spent in this place.
 C = Inter-level travel time spent in this place.
 D = Time resting spent in this place.
 E = Time spent auto-exploring this place.
 F = Levels seen in this place.
 G = Mean time per level.
                   A        B        C        D        E       F      G
               +--------+--------+--------+--------+--------+-----+--------+
         Total |   6116 |   5956 |    160 |    738 |   3474 |   8 |  764.5 |
       Dungeon |   5417 |   5257 |    160 |    599 |   3172 |   7 |  773.9 |
         Sewer |    698 |    698 |      0 |    139 |    301 |   1 |  698.0 |
               +--------+--------+--------+--------+--------+-----+--------+

Top non-repeatable levels by time:
     D:2: 1078 daAuts
     D:4: 1066 daAuts
     D:6: 967 daAuts
     D:5: 873 daAuts
     D:3: 699 daAuts
   Sewer: 698 daAuts
     D:1: 625 daAuts
     D:7: 107 daAuts
